Relic Pls Fix

Match 12716396
End
Construct Infanterie Kompanie
MG 42 Machine Gun Team
Grenadier Squad
Grenadier Squad
Infanterie Officer Quarters
Grenadier Squad
Construct Luftwaffe Kompanie
Jäger Squad
Selects Mechanized Battlegroup
Selects Raid Package
Selects 8 Rad Armored Car
Jäger Squad
Construct Panzer Kompanie
Panzer IV Medium Tank
Panzer IV Medium Tank
Luftwaffe Officer Quarters
MG 42 Machine Gun Team
Selects Panther Heavy Tank
Panther Heavy Tank
NEP_wilson_NEP
WilllTHENOOBz
Banjo
YourSweetAss
thecolonel90
Cheezus
klaudio1312
yarang
0
0

Comments sign in to comment!

WilllTHENOOBz [U] almost 2 years ago

At the end my tractor was glitched